 Dungeon Crawl Stone Soup version 0.31-a0-983-g7b6862f502 (webtiles) character file.

Game seed: 7879060166473558797

413 Whiskey the Ruffian (level 6, -3/42 HPs)
             Began as an Octopode Shapeshifter on Nov 3, 2023.
             Slain by an ogre
             ... wielding a +0 giant club
              (17 damage)
             ... on level 4 of the Dungeon.
             The game lasted 00:05:08 (3649 turns).

Whiskey the Ruffian (Octopode Shapeshifter)         Turns: 3649, Time: 00:05:09

Health: -3/42      AC:  1    Str: 16    XL:     6   Next: 90%
Magic:  6/6        EV: 14    Int: 12    God:
Gold:   146        SH:  0    Dex: 11    Spells: 5/5 levels left

rFire   . .          .
                       - Unarmed
rCold   . . .        (no shield)
rNeg    . . .        (helmet currently unavailable)
rPois   .            (no amulet)
rElec   .            k - ring of wizardry {Wiz+, !d}
rCorr   .            (no ring)
SInv    .            (no ring)
Will    .....        (no ring)
Stlth   ++           (no ring)
HPRegen 0.27/turn    (no ring)
MPRegen 0.10/turn    (no ring)
                     (no ring)

%: wizardry (x1)
@: beast-form
A: beast (slay +2), almost no armour, amphibious, 8 rings, camouflage 1,
gelatinous body 1, (nimble swimmer 1), tentacles
a: Begin Untransformation


You were on level 4 of the Dungeon.
You were a hulking beast.
You visited 1 branch of the dungeon, and saw 4 of its levels.

You collected 146 gold pieces.

Inventory:

Hand Weapons
 q - a +2 heavy war axe
   (You found it on level 3 of the Dungeon)
Missiles
 m - 11 poisoned darts (quivered)
Magical Staves
 r - a staff of fire {rF+}
   (You found it on level 3 of the Dungeon)
Jewellery
 k - a ring of wizardry (left tentacle) {Wiz+, !d}
   (You found it on level 2 of the Dungeon)
Talismans
 b - a beast talisman
 c - a flux talisman
Wands
 o - a wand of mindburst (22)
   (You found it on level 3 of the Dungeon)
 t - a wand of charming (7)
   (You found it on level 4 of the Dungeon)
Scrolls
 d - 5 scrolls of identify {unknown}
 e - a scroll of revelation {unknown}
 f - a scroll of amnesia {unknown}
 i - a scroll of enchant armour {unknown}
 j - a scroll of fog {unknown}
 n - a scroll of fear {unknown}
 u - a scroll of poison {unknown}
Potions
 a - a potion of lignification {!q}
 g - 3 potions of curing {unknown}
 h - a potion of mutation {unknown}
 l - 3 potions of brilliance {unknown}
 p - a potion of enlightenment {unknown}
 s - 2 potions of heal wounds {unknown}
 v - a potion of degeneration {unknown}


   Skills:
 + Level 3.4 Fighting
 + Level 3.8 Dodging
 + Level 4.5 Unarmed Combat
 + Level 4.2 Shapeshifting


You had 5 spell levels left.
You didn't know any spells.
Your spell library contained the following spells:

 Spells                   Type           Power      Damage    Failure   Level
 Apportation              Tloc           0%         N/A       13%         1
 Necrotise                Necr           0%         1d4       13%         1
 Summon Small Mammal      Summ           0%         N/A       13%         1
 Blink                    Tloc           0%         N/A       21%         2
 Lesser Beckoning         Tloc           0%         N/A       21%         2
 Momentum Strike          Conj/Tloc      0%         3d8       21%         2


Dungeon Overview and Level Annotations

Branches:
Dungeon (4/15)
 Temple: D:4-7

Altars:
Makhleb

Annotations:
D:3 3 runed translucent doors, Hooloovoo's ghost, amateur MiMo


Innate Abilities, Weirdness & Mutations

You are a hulking beast.
Your limbs bulge with bestial killing power. (Slay +2)
You cannot wear most types of armour.
You are amphibious.
You can wear up to eight rings at the same time.
Your skin changes colour to match your surroundings (Stealth+).
Your rubbery body absorbs attacks. (AC +1, EV +1)
((You are camouflaged when in or above water. (Stealth+)))
You have tentacles for arms and can constrict up to eight enemies at once.


Message History

A worm comes into view.
You completely miss the worm. You grab the worm. You constrict the worm.
The worm misses you.
You tentacle-slap the worm. You constrict the worm. You barely miss the worm.
You constrict the worm. The worm closely misses you.
You bludgeon the worm!
You kill the worm!
No target in view!
No target in view!
No target in view!
No target in view!
No target in view!
No target in view!
Found an escape hatch in the ceiling.
As you open the door, it creaks loudly!
There is an open door here.
There is an open door here.
Found a stone staircase leading down.
There is a stone staircase leading down here.
You see here a +0 club.
A quokka comes into view.
The quokka bites you.
You take 3 damage, and have 39/42 hp.
You closely miss the quokka. Your grab misses the quokka.
The quokka misses you.
You tentacle-slap the quokka. Your grab misses the quokka.
The quokka bites you.
You take 2 damage, and have 37/42 hp.
You bludgeon the quokka!
You kill the quokka!
No target in view!
No target in view!
No target in view!
No target in view!
No target in view!
No target in view!
Found a stone staircase leading up.
Health restored: 42 No target in view!
You now have 129 gold pieces (gained 11).
You open the door.
There is an open door here.
You now have 146 gold pieces (gained 17).
You open the door.
A goblin and a quokka come into view.
There is an open door here.
The quokka barely misses you.
You tentacle-slap the quokka. You grab the quokka. You constrict the quokka.
You kill the quokka!
The goblin shouts!
The goblin barely misses you.
You closely miss the goblin. You grab the goblin. You squeeze the goblin.
You kill the goblin!
No target in view!
An orc comes into view. It is wielding a +0 hand axe.
You see here a quokka corpse.
An orc is nearby!
The orc shouts!
You tentacle-slap the orc but do no damage.
You grab the orc. You constrict the orc. The orc closely misses you.
You tentacle-slap the orc.
You kill the orc!
No target in view!
No target in view!
No target in view!
No target in view!
No target in view!
No target in view!
No target in view!
No target in view!
No target in view!
You see here a quokka corpse.
v - a fuming yellow potion You see here a quokka corpse.
Found an escape hatch in the floor.
m - 11 poisoned darts (gained 5)
An ogre comes into view. It is wielding a +0 giant club.
The ogre shouts!
The ogre hits you with a +0 giant club!!
Ouch! That really hurt!
You take 29 damage, and have 13/42 hp.
MASSIVE DAMAGE!!
You are too injured to fight recklessly!
You are too injured to fight recklessly!
You are too injured to fight recklessly!
You are too injured to fight recklessly!
You are too injured to fight recklessly!
You are too injured to fight recklessly!
You are too injured to fight recklessly!
You are too injured to fight recklessly!
You are too injured to fight recklessly!
You are too injured to fight recklessly!
An ogre is nearby!
You tentacle-slap the ogre but do no damage.
You tentacle-slap the ogre but do no damage.
The ogre barely misses you.
You tentacle-slap the ogre. The ogre misses you.
You barely miss the ogre. Your squeeze misses the ogre.
You tentacle-slap the ogre. You squeeze the ogre!
The ogre hits you with a +0 giant club!
You die...

#...###.##.....#######.#
##.#.#..###............#
#.##.#.###...##########
#.##.........#
#.####.###...# #.####.#
##.## #......# #.#
######## #.# #h# #O# #.#
#.# #.# ... ... ...


You could see an ogre.

Vanquished Creatures
  An ogre (D:4)
  An orc priest (D:4)
  A hound (D:4)
  An iguana (D:4)
  3 iron imps (D:3)
  4 adders
  A white imp (D:3)
  3 worms
  4 dart slugs
  10 orcs
  8 endoplasms
  4 goblins
  9 hobgoblins
  3 jackals (D:3)
  9 kobolds
  3 quokkas
  8 ball pythons
  3 bats
  8 frilled lizards
  5 rats
89 creatures vanquished.

Notes
Turn   | Place    | Note
-------+----------+-------------------------------------------
     0 | D:1      | Whiskey the Octopode Shapeshifter began the quest for the
                  | Orb.
     0 | D:1      | Reached XP level 1. HP: 13/13 MP: 1/1
   121 | D:1      | Found a faded altar of an unknown god.
   271 | D:1      | Reached XP level 2. HP: 18/18 MP: 2/2
   792 | D:1      | You fall into a shaft and drop 1 floor!
  1317 | D:2      | Reached XP level 3. HP: 20/23 MP: 3/3
  1487 | D:2      | Reached skill level 2 in Fighting
  1660 | D:3      | Reached XP level 4. HP: 11/29 MP: 4/4
  1844 | D:3      | Found a runed translucent gate.
  1845 | D:3      | Found a runed translucent gate.
  1846 | D:3      | Found a runed translucent gate.
  1847 | D:3      | Noticed Hooloovoo's ghost (amateur MiMo)
  1849 | D:3      | Noticed an ogre
  2101 | D:3      | Reached XP level 5. HP: 25/35 MP: 5/5
  2168 | D:3      | Identified the +0 cloak of the Salamander {rC++}
  2253 | D:3      | Reached skill level 3 in Dodging
  2663 | D:3      | Found a burning altar of Makhleb.
  2683 | D:3      | Reached skill level 4 in Unarmed Combat
  2843 | D:4      | Noticed an ogre
  2868 | D:4      | Reached skill level 3 in Fighting
  2868 | D:4      | Reached skill level 4 in Shapeshifting
  2868 | D:4      | Reached XP level 6. HP: 34/42 MP: 6/6
  3649 | D:4      | Slain by an ogre

Illustrated notes

Levels and vault maps discovered:
D:1:      co_arrival_random_square_maze, layout_loops_corners,
          dreamdust_ecumenical_altar_hidden_monk_grotto
D:2:      layout_basic
D:3:      layout_rooms, demons_altar, gammafunk_ghost_split, minmay_pentangle
D:4:      layout_loops_corners, grunt_temple_overflow_opulence

Skill      XL: |  1  2  3  4  5 |
---------------+----------------+-----
Fighting       | 2 3 |  3.4
Dodging        | 3 |  3.8
Unarmed Combat | 4 |  4.5
Shapeshifting  | 4 |  4.2

Action                     |  1- 3 |  4- 6 || total
---------------------------+-------+-------++-------
  Melee: Unarmed           |    62 |   122 ||   184
         Tentacles         |    14 |    17 ||    31
         Constrict         |    15 |    31 ||    46
  Throw: Dart              |       |     3 ||     3
   Stab: Sleeping          |     2 |     5 ||     7
 Armour: Skin              |    21 |    36 ||    57
  Dodge: Dodged            |    38 |    62 ||   100

Table legend: (Time is in decaauts)
 A = Elapsed time spent in this place.
 B = Non-inter-level travel time spent in this place.
 C = Inter-level travel time spent in this place.
 D = Time resting spent in this place.
 E = Time spent auto-exploring this place.
 F = Levels seen in this place.
 G = Mean time per level.
                   A        B        C        D        E       F      G
               +--------+--------+--------+--------+--------+-----+--------+
         Total |   3635 |   3584 |     51 |    271 |   2799 |   4 |  908.8 |
       Dungeon |   3635 |   3584 |     51 |    271 |   2799 |   4 |  908.8 |
               +--------+--------+--------+--------+--------+-----+--------+

Top non-repeatable levels by time:
     D:3: 1167 daAuts
     D:1: 1033 daAuts
     D:4: 821 daAuts
     D:2: 611 daAuts

Levels and vault maps discovered:
D:1:      co_arrival_random_square_maze, layout_loops_corners,
          dreamdust_ecumenical_altar_hidden_monk_grotto
D:2:      layout_basic
D:3:      layout_rooms, demons_altar, gammafunk_ghost_split, minmay_pentangle
D:4:      layout_loops_corners, grunt_temple_overflow_opulence

Table legend: (Time is in decaauts)
 A = Elapsed time spent in this place.
 B = Non-inter-level travel time spent in this place.
 C = Inter-level travel time spent in this place.
 D = Time resting spent in this place.
 E = Time spent auto-exploring this place.
 F = Levels seen in this place.
 G = Mean time per level.
                   A        B        C        D        E       F      G
               +--------+--------+--------+--------+--------+-----+--------+
         Total |   3635 |   3584 |     51 |    271 |   2799 |   4 |  908.8 |
       Dungeon |   3635 |   3584 |     51 |    271 |   2799 |   4 |  908.8 |
               +--------+--------+--------+--------+--------+-----+--------+

Top non-repeatable levels by time:
     D:3: 1167 daAuts
     D:1: 1033 daAuts
     D:4: 821 daAuts
     D:2: 611 daAuts

Table legend:
 A = Kills in this place as a percentage of kills in the entire game.
 B = Kills by you in this place as a percentage of kills by you in the entire game.
 C = Kills by friends in this place as a percentage of kills by friends in the entire game.
 D = Other kills in this place as a percentage of other kills in the entire game.
 E = Experience gained in this place as a percentage of experience gained in the entire game.
 F = Experience gained in this place divided by the number of levels of this place that you have seen.
                   A       B       C       D       E      F
               +-------+-------+-------+-------+-------+----------------------
         Total | 100.0 | 100.0 |   N/A |   N/A | 100.0 | 147.5
       Dungeon | 100.0 | 100.0 |   N/A |   N/A | 100.0 | 147.5
               +-------+-------+-------+-------+-------+----------------------
